Map: Sanctuary III LE

Players

lorimbo

  • Race: Zerg Zerg
  • League: Grandmaster
  • Spawn Location: 7:00

Elazer - Winner!

  • Race: Zerg Zerg
  • League: Master
  • Spawn Location: 1:00

VOD

Have the link to the VOD?

Description

Time

  • Played on: July 3, 2026, 12:10 p.m.
  • Length: 4:38
Show
View Real Time Build Order
Export as new Build Order

lorimbo Zerg 

Build Orders: Pool First 

Get SALT Encoding   

  8  0:00  Drone  
  9  0:10  Drone  
  10  0:33  Spawning Pool  
  9  0:38  Drone  
  10  0:44  Drone  
  11  0:50  Drone  
  12  1:01  Overlord  
  12  1:20  Zergling x2  
  12  1:21  Zergling x4  
  12  1:24  Extractor  
  14  1:31  Zergling x2  
  15  1:41  Zergling x2  
  16  1:51  Zergling x2  
  17  2:03  Hatchery  
  17  2:15  Zergling x2  
  17  2:26  Zergling x2  
  14  2:32  Metabolic Boost  
  14  2:38  Zergling x2  
  14  2:45  Zergling x2  
  16  2:51  Zergling x2  
  16  3:00  Zergling x2  
  17  3:12  Zergling x2  
  17  3:16  Zergling x2  
  18  3:25  Zergling x2  
  18  3:31  Zergling x4  
  20  3:37  Zergling x2  
  21  3:43  Zergling x2  
  21  3:47  Zergling x2  
  23  3:52  Zergling x2  
  24  4:04  Overlord  
  23  4:12  Zergling x2  
  23  4:13  Zergling x2  
  17  4:20  Zergling x4  
Show
View Real Time Build Order
Export as new Build Order

Elazer Zerg - Winner!

Build Orders: Hatch First 

Get SALT Encoding   

  8  0:00  Drone  
  9  0:10  Drone  
  10  0:16  Drone  
  11  0:21  Drone  
  12  0:32  Overlord  
  12  0:39  Extractor, Drone  
  13  0:51  Drone x2  
  15  1:10  Hatchery  
  14  1:15  Drone  
  16  1:18  Drone  
  16  1:22  Drone  
  17  1:36  Spawning Pool  
  17  1:39  Drone  
  17  1:43  Drone  
  17  1:46  Extractor  
  17  1:50  Drone  
  19  2:00  Overlord  
  19  2:24  Zergling x2  
  19  2:25  Zergling x4  
  18  2:30  Queen  
  18  2:33  Drone  
  21  2:39  Spore Crawler  
  19  2:46  Drone x2  
  19  2:50  Drone  
  23  2:53  Drone  
  23  2:56  Drone  
  25  3:01  Drone  
  25  3:03  Drone  
  27  3:06  Extractor  
  27  3:09  Drone  
  28  3:18  Queen  
  29  3:31  Queen  
  29  3:32  Drone  
  31  3:36  Overlord  
  31  3:55  Zergling x16  
  39  4:05  Overlord  
  31  4:24  Drone x3  
Tags
 
Matchup
ZvZ
Player
Elazer
Race
Zerg
Replay Pack
hsc29
Spawn Locations
Cross Positions
Add a new tag
Caveats
  • Supply blocks, unpowered buildings, or Contaminate may cause inaccurate times.
  • Supply counts are checked every 10 seconds.